 Dungeon Crawl Stone Soup version 0.19.1-1-g22dce08 (webtiles) character file.

72 markt42 the Cudgeler (level 4, -3/28 HPs)
             Began as a Gargoyle Monk on Jan 6, 2017.
             Slain by Quirk's ghost (8 damage)
             ... on level 3 of the Dungeon.
             The game lasted 00:02:20 (2160 turns).

markt42 the Cudgeler (Gargoyle Monk)                Turns: 2160, Time: 00:02:20

Health: -3/28      AC:  5    Str: 16    XL:     4   Next: 25%
Magic:  4/4        EV: 10    Int: 10    God:
Gold:   31         SH:  7    Dex: 12    Spells: 0 memorised, 3 levels left

rFire  . . .     SeeInvis .     a - +0 mace
rCold  . . .     Gourm    .     b - +0 robe
rNeg   + . .     Faith    .     d - +0 shield
rPois  ∞         Spirit   .     (no helmet)
rElec  +         Reflect  .     (no cloak)
rCorr  .         Harm     .     (no gloves)
MR     .....                    (no boots)
Stlth  ++........               (no amulet)
                                (no ring)
                                (no ring)

@: exhausted, slowed, very slow
A: negative energy resistance 1, electricity resistance, unbreathing,
petrification resistance, rot immunity, AC +3
a: no special abilities


You were on level 3 of the Dungeon.
You were very hungry.

You visited 1 branch of the dungeon, and saw 3 of its levels.

You collected 31 gold pieces.

Inventory:

Hand Weapons
 a - a +0 mace (weapon)
Armour
 b - a +0 robe (worn)
 d - a +0 shield (worn)
Scrolls
 e - a scroll of enchant weapon {unknown}
 g - 2 scrolls of identify {unknown}
 h - a scroll of remove curse {unknown}
 j - a scroll of fog {unknown}
Potions
 i - a potion of curing {unknown}
Comestibles
 c - 2 bread rations


   Skills:
 + Level 3.6 Fighting
 * Level 4.3 Maces & Flails
 + Level 2.8 Dodging
 + Level 2.2 Stealth
 + Level 0.2 Shields


You had 3 spell levels left.
You didn't know any spells.

Dungeon Overview and Level Annotations

Branches:
Dungeon (3/15)

Altars:
Ashenzari
Dithmenos
Hepliaklqana

Annotations:
D:3 Quirk's ghost, amateur DsFi


Innate Abilities, Weirdness & Mutations

You are resistant to torment.
Your stone body is resilient. (AC +3)
You are immune to poison.
You resist negative energy. (rN+)
You are resistant to electric shocks. (rElec)
You can survive without breathing.
You are immune to petrification.
You are immune to rotting.


Message History

Quirk's ghost is heavily damaged.
Quirk's ghost hits you.
Quirk's ghost whispers, "They're coming for you..."
Quirk's ghost closely misses you.
You hit Quirk's ghost but do no damage.
Quirk's ghost is heavily damaged.
Quirk's ghost closely misses you.
Quirk's ghost whispers, "Trust me.
Just give in."
Quirk's ghost hits you.
You hit Quirk's ghost but do no damage.
Quirk's ghost is heavily damaged.
Quirk's ghost hits you.
* * * LOW HITPOINT WARNING * * *
Quirk's ghost misses you.
Quirk's ghost hits you but does no damage.
Quirk's ghost hits you.
* * * LOW HITPOINT WARNING * * *
You block Quirk's ghost's attack. Quirk's ghost hits you!
You die...

#........#....######
#.....>............#.
#...............#..#.
#....................
#..............#...#.
##..............#.....
#.......##....###.....
#.......##......##....
#....@#...............
##...W#..........#....
#....#............#..
#....# ...##.........
#(...# ...##.........
#....# ..............
###....##.........####.
.........'..............
##########........##...#


You could see Quirk's ghost.

Vanquished Creatures
  2 adders (D:2)
  6 dart slugs (D:1)
  3 giant cockroaches
  5 goblins
  7 hobgoblins
  7 bats
  3 frilled lizards (D:1)
  5 kobolds
  2 rats (D:1)
40 creatures vanquished.

Notes
Turn   | Place    | Note
-------+----------+-------------------------------------------
     0 | D:1      | markt42 the Gargoyle Monk began the quest for the Orb.
     0 | D:1      | Reached XP level 1. HP: 14/14 MP: 1/1
    68 | D:1      | Reached XP level 2. HP: 10/19 MP: 2/2
   364 | D:1      | Reached XP level 3. HP: 9/23 MP: 3/3
  1449 | D:2      | Reached skill level 4 in Maces & Flails
  1449 | D:2      | Reached XP level 4. HP: 22/28 MP: 4/4
  1986 | D:2      | Found a hazy altar of Hepliaklqana.
  1991 | D:2      | Found a shadowy altar of Dithmenos.
  1994 | D:2      | Found a shattered altar of Ashenzari.
  2136 | D:3      | Noticed Quirk's ghost (amateur DsFi)
  2160 | D:3      | Slain by Quirk's ghost

Skill      XL: |  1  2  3 |
---------------+----------+-----
Maces & Flails | 4 |  4.3
Fighting       | |  3.6
Dodging        | |  2.8
Stealth        | |  2.2
Shields        | |  0.2

Action                   |  1- 3 |  4- 6 || total
-------------------------+-------+-------++-------
Melee: Mace              |   125 |    37 ||   162
  Use: Potion            |       |     1 ||     1
 Stab: Sleeping          |     5 |     1 ||     6
  Eat: Chunk             |     2 |     1 ||     3
Armor: Robe              |    33 |     8 ||    41
Dodge: Dodged            |    54 |    16 ||    70
Block: Shield            |    32 |    14 ||    46
